Map: Ulrena

Players

FireCake - Winner!

  • Race: Zerg Zerg

Nerchio

  • Race: Zerg Zerg
  • League: Grandmaster

Event: DreamHack ROCCAT LotV Championship

VOD

Have the link to the VOD?

Description

Time

  • Played on: Nov. 27, 2015, 12:52 p.m.
  • Length: 7:30

All games in this series

Show
View Real Time Build Order
Export as new Build Order

FireCake Zerg - Winner!

Build Orders: Pool First 

Get SALT Encoding   

  12  0:00  Drone  
  13  0:08  Drone  
  14  0:17  Overlord  
  14  0:21  Extractor  
  14  0:23  Drone  
  15  0:35  Drone x2  
  17  0:44  Spawning Pool  
  17  0:48  Drone  
  17  1:10  Hatchery, Extractor  
  15  1:13  Drone  
  15  1:17  Drone  
  17  1:21  Drone  
  18  1:31  Queen  
  20  1:35  Drone  
  21  1:42  Overlord  
  21  1:50  Zergling x2  
  22  2:01  Zergling x2  
  23  2:06  Queen  
  25  2:10  Metabolic Boost  
  25  2:11  Zergling x2  
  26  2:22  Zergling x4  
  28  2:33  Zergling x2  
  29  2:41  Zergling x6  
  29  2:42  Zergling x2  
  33  2:48  Baneling Nest  
  33  2:49  Overlord  
  32  2:51  Zergling x2  
  33  3:09  Zergling x2  
  33  3:10  Zergling x6  
  37  3:14  Zergling x4  
  39  3:20  Zergling x2  
  39  3:21  Zergling x2  
  40  3:34  Baneling x5  
  40  3:36  Zergling x4  
  40  3:42  Zergling x4  
  40  3:46  Zergling x2  
  36  3:58  Drone x3  
  36  4:02  Drone x2  
  37  4:19  Drone x5  
  41  4:28  Drone  
  41  4:29  Drone x2  
  41  4:40  Drone x3  
  41  4:42  Overlord  
  42  4:48  Drone  
  43  4:56  Evolution Chamber  
  42  5:01  Zergling x4  
  42  5:02  Zergling x8  
  42  5:05  Baneling  
  47  5:09  Zergling x6  
  47  5:11  Baneling x5  
  50  5:14  Spine Crawler  
  50  5:21  Zergling x6  
  52  5:28  Zerg Missile Weapons Level 1  
  51  5:32  Overlord  
  51  5:33  Overlord  
  52  5:39  Roach Warren  
  51  5:45  Zergling x2  
  50  5:53  Zergling x12  
  52  6:00  Drone x2  
  52  6:03  Hatchery  
  45  6:25  Extractor  
  44  6:28  Roach x5  
  44  6:32  Drone  
  55  6:34  Queen  
  57  6:46  Roach x2, Zergling x8  
  63  6:57  Drone  
  64  7:03  Extractor  
  64  7:06  Overlord  
  64  7:08  Overlord  
  63  7:09  Drone  
  63  7:10  Drone x4  
  67  7:17  Extractor  
Show
View Real Time Build Order
Export as new Build Order

Nerchio Zerg 

Build Orders: Pool First 

Get SALT Encoding   

  12  0:00  Drone  
  13  0:13  Overlord  
  13  0:18  Drone  
  14  0:31  Drone  
  15  0:38  Spawning Pool  
  15  0:41  Drone  
  15  0:45  Drone  
  16  0:50  Drone  
  17  1:12  Hatchery  
  16  1:25  Zergling x6  
  19  1:31  Queen  
  21  1:35  Zergling x2  
  22  1:40  Extractor  
  22  1:46  Overlord  
  22  2:04  Drone  
  22  2:07  Queen  
  22  2:08  Drone  
  26  2:19  Drone  
  27  2:26  Queen  
  27  2:28  Drone  
  30  2:30  Drone  
  30  2:35  Drone  
  32  2:42  Queen  
  32  2:43  Drone, Spine Crawler  
  33  2:47  Overlord  
  33  2:58  Zergling x4  
  34  3:04  Queen  
  35  3:11  Drone  
  35  3:12  Drone, Spine Crawler  
  35  3:16  Drone x2  
  37  3:23  Evolution Chamber  
  37  3:24  Drone x2  
  38  3:30  Evolution Chamber  
  37  3:35  Drone x3  
  41  3:42  Spine Crawler  
  40  3:49  Queen  
  40  3:50  Spine Crawler  
  40  3:54  Zergling x4  
  41  3:57  Zergling x4  
  42  4:03  Zergling x4  
  42  4:08  Zergling x2  
  43  4:15  Zergling x2  
  41  4:18  Zergling x2  
  41  4:24  Zergling x2  
  37  4:27  Zergling x2  
  36  4:35  Zergling x4  
  37  4:40  Zergling x2  
  37  4:44  Zergling x2  
  38  4:48  Drone  
  38  4:49  Drone  
  38  4:52  Drone  
  40  4:54  Drone  
  40  4:59  Drone  
  42  5:03  Overlord  
  42  5:07  Drone  
  42  5:11  Extractor x2  
  41  5:21  Drone x5  
  43  5:25  Drone  
  43  5:26  Drone  
  41  5:32  Spine Crawler  
  41  5:35  Zergling x4  
  42  5:37  Zergling x2  
  43  5:44  Zergling x4  
  45  5:53  Zergling x4  
  45  5:54  Zergling x2  
  45  5:55  Zergling x2  
  44  6:00  Zergling x4  
  44  6:01  Zergling x2  
  39  6:16  Drone x2  
  39  6:19  Drone  
  39  6:21  Drone x3  
  42  6:28  Drone  
  42  6:31  Queen  
  45  6:33  Drone  
  46  6:43  Queen  
  46  6:45  Drone x2  
  47  6:51  Drone  
  47  6:52  Drone x3  
  50  6:55  Extractor  
  50  7:00  Roach Warren  
  48  7:02  Overlord  
  48  7:05  Zergling x2  
  49  7:13  Zergling x2  

Tags
 
Add a new tag
Caveats
  • Supply blocks, unpowered buildings, or Contaminate may cause inaccurate times.
  • Supply counts are checked every 10 seconds.